 Dungeon Crawl Stone Soup version 0.24-a0-464-g6b2be6b8c7 (webtiles) character file.

Game seed: 2992759741730996855

185 Bikalo the Ruffian (level 5, -2/48 HPs)
             Began as a Naga Transmuter on July 4, 2019.
             Slain by an orc priest
             ... wielding a +0 trident
              (6 damage)
             ... on level 4 of the Dungeon.
             The game lasted 00:05:25 (3722 turns).

Bikalo the Ruffian (Naga Transmuter)                Turns: 3722, Time: 00:05:26

Health: -2/48      AC:  4    Str: 17    XL:     5   Next: 64%
Magic:  8/8        EV: 10    Int: 15    God:
Gold:   239        SH:  0    Dex: 11    Spells: 0/8 levels left

rFire    + . .     SeeInvis +   g - +2 spear (freeze)
rCold    + . .     Gourm    .   (no shield)
rNeg     . . .     Faith    .   p - +0 leather armour
rPois    +         Spirit   .   (no helmet)
rElec    +         Reflect  .   (no cloak)
rCorr    +         Harm     .   l - +0 pair of gloves
MR       .....                  (no barding)
Stlth    +.........             (no amulet)
HPRegen  0.16/turn              (no ring)
MPRegen  0.11/turn              (no ring)

@: mighty, resistant, very slow
A: large, see invisible, deformed body, poison resistance, slowness 2, slow
metabolism 1, spit poison 1, AC +1
a: Spit Poison


You were on level 4 of the Dungeon.
You were very hungry.

You visited 1 branch of the dungeon, and saw 4 of its levels.

You collected 239 gold pieces.

Inventory:

Hand Weapons
 g - a +2 spear of freezing (weapon)
Missiles
 a - 55 arrows
Armour
 b - a +0 robe
 l - a +0 pair of gloves (worn)
 p - a +0 leather armour (worn)
Jewellery
 v - an uncursed ring of flight {unknown}
Wands
 s - a wand of iceblast (10)
Scrolls
 f - a scroll of random uselessness {unknown}
 h - 9 scrolls of identify {unknown}
 j - 2 scrolls of teleportation {unknown}
 m - 4 scrolls of fear {unknown}
 r - a scroll of enchant weapon {unknown}
Potions
 e - a potion of resistance
 i - a potion of ambrosia {unknown}
 k - a potion of degeneration {unknown}
 n - a potion of magic {unknown}
 o - a potion of haste {unknown}
 q - a potion of curing {unknown}
 t - a potion of brilliance {unknown}
 u - 4 potions of heal wounds {unknown}
Comestibles
 d - 11 rations


   Skills:
 + Level 2.9 Fighting
 - Level 1.1 Polearms
 + Level 2.7 Dodging
 - Level 3.3 Unarmed Combat
 - Level 2.0 Spellcasting
 + Level 3.3 Transmutations


You couldn't memorise any spells.
You knew the following spells:

 Your Spells              Type           Power        Failure   Level  Hunger
a - Beastly Appendage     Tmut           ##....       7%          1    #......
b - Sticks to Snakes      Tmut           ##......     11%         2    ###....
c - Blade Hands           Tmut           ##........   88%         5    ######.

Your spell library contained the following spells:

 Spells                   Type           Power        Failure   Level  Hunger
 Spider Form              Tmut/Pois      #.........   38%         3    ###....
 Ice Form                 Ice/Tmut       #.......     80%         4    #####..


Dungeon Overview and Level Annotations

Branches:
Dungeon (4/15)
 Temple: D:4-7

Altars:
Hepliaklqana
Trog
Uskayaw
Zin


Innate Abilities, Weirdness & Mutations

You cannot wear boots.
Your serpentine skin is tough. (AC +1)
You have supernaturally acute eyesight. (SInv)
Armour fits poorly on your strangely shaped body.
Your system is resistant to poisons. (rPois)
You cover ground very slowly.
You have a slow metabolism.
You can spit poison.


Message History

* * * LOW HITPOINT WARNING * * *
It was a potion of resistance.
You feel protected. The orc hits you but does no damage.
The orc priest hits you from afar with a +0 trident.
* * * LOW HITPOINT WARNING * * *
It was a potion of might.
You feel very mighty all of a sudden. The orc hits you but does no damage.
The orc priest completely misses you.
Okay, then.
You puncture the orc! You freeze the orc.
You kill the orc!
The orc priest closely misses you.
The orc priest hits you with a +0 trident!
* * * LOW HITPOINT WARNING * * *
Items here: ))) [ † a +0 dagger x2; a +0 robe; a +0 flail; an orc corpse You closely miss the orc priest.
The orc priest hits you with a +0 trident.
You die...

######### ##.....@.#
##########...####o...#
......##≈≈≈≈≈≈≈≈#....#
....>.####...####....#
..##....##.....# ....#
..##....##...### ....#
........##...########.
.........#..........
..
.........#..........


You could see an orc priest.

Vanquished Creatures
  A centaur skeleton (D:4)
  An orc wizard (D:4)
  5 adders
  An ooze (D:3)
  An adder skeleton (D:2)
  3 worms (D:3)
  3 dart slugs
  2 leopard geckos (D:2)
  3 orcs
  3 giant cockroaches
  6 goblins
  8 hobgoblins
  2 quokkas (D:3)
  A ball python (D:1)
  3 bats
  4 frilled lizards
  7 kobolds
  11 rats
65 creatures vanquished.

Notes
Turn   | Place    | Note
-------+----------+-------------------------------------------
     0 | D:1      | Bikalo the Naga Transmuter began the quest for the Orb.
     0 | D:1      | Reached XP level 1. HP: 18/18 MP: 3/3
   342 | D:1      | Reached XP level 2. HP: 11/25 MP: 3/5
  1397 | D:1      | Reached XP level 3. HP: 31/31 MP: 6/6
  2042 | D:2      | Learned a level 2 spell: Sticks to Snakes
  2057 | D:2      | Reached skill level 1 in Polearms
  2057 | D:2      | Reached XP level 4. HP: 37/39 MP: 7/7
  2100 | D:2      | Found a glowing silver altar of Zin.
  2180 | D:2      | Found a hide-covered altar of Uskayaw.
  2874 | D:3      | Found a hazy altar of Hepliaklqana.
  2929 | D:3      | Noticed a moth of wrath
  2932 | D:3      | Found a bloodstained altar of Trog.
  3095 | D:3      | Reached XP level 5. HP: 45/46 MP: 8/8
  3103 | D:3      | Learned a level 5 spell: Blade Hands
  3722 | D:4      | Slain by an orc priest

Levels and vault maps discovered:
D:1:      grunt_arrival_crossed_arrows, layout_rooms, serial_forest,
          infiniplex_forest_diagonal, infiniplex_forest_lined_1,
          infiniplex_forest_3_way, infiniplex_forest_clump_cross,
          infiniplex_forest_lined_3
D:2:      layout_basic, zin_scriptorium, eat_drink_and_be_merry_uskayaw,
          first_ration
D:3:      layout_loops_ring, tgw_trog, lemuel_crystal_altar,
          minmay_stone_trees_small, kennysheep_cross_room
D:4:      layout_gridville, chequers_serial_rivers_micro_a,
          minmay_fractal_squares_5

Skill      XL: |  1  2  3  4 |
---------------+-------------+-----
Dodging        | 2 |  2.7
Polearms       | 1 |  1.1
Fighting       | 2 |  2.9
Transmutations | 3 |  3.3
Unarmed Combat | |  3.3
Spellcasting   | |  2.0

Action                   |  1- 3 |  4- 6 || total
-------------------------+-------+-------++-------
Melee: Unarmed           |    61 |       ||    61
       Headbutt          |     5 |       ||     5
       Punch             |     1 |     1 ||     2
       Spear             |    50 |   103 ||   153
 Cast: Beastly Appendage |     9 |       ||     9
 Abil: Spit Poison       |     1 |       ||     1
  Use: Potion            |       |     2 ||     2
  Eat: Chunk             |     1 |     5 ||     6
Armor: Robe              |     5 |       ||     5
       Leather armour    |       |    18 ||    18
Dodge: Dodged            |    49 |    37 ||    86

Table legend:
 A = Non-vault XP
 B = Vault XP
 C = Vault XP percentage of total XP
 D = Non-vault monster count
 E = Vault monster count
 F = Vault count percentage of total count
                 A         B        C        D         E       F
            +---------+---------+-------+---------+---------+-------
      Total |     232 |      33 |  12.5 |      58 |       7 |  10.8
            +---------+---------+-------+---------+---------+-------
        D:1 |      35 |       0 |   0.0 |      22 |       0 |   0.0
        D:2 |      55 |       0 |   0.0 |      14 |       0 |   0.0
        D:3 |      60 |      17 |  22.1 |      18 |       5 |  21.7
        D:4 |      82 |      16 |  16.3 |       4 |       2 |  33.3
            +---------+---------+-------+---------+---------+-------
